 Dungeon Crawl Stone Soup version 0.20.1-1-g8b1a95d (webtiles) character file.

105 vineage the Slasher (level 4, -2/36 HPs)
             Began as a Demonspawn Fighter on Oct 11, 2017.
             Killed by divine providence
             ... invoked by an orc priest
              (17 damage)
             ... on level 3 of the Dungeon.
             The game lasted 00:02:51 (1623 turns).

vineage the Slasher (Demonspawn Fighter)            Turns: 1623, Time: 00:02:52

Health: -2/36      AC:  7    Str: 23    XL:     4   Next: 54%
Magic:  4/4        EV:  7    Int:  6    God:
Gold:   129        SH: 10    Dex: 12    Spells: 3/3 levels left

rFire    . . .     SeeInvis .   a - +0 long sword
rCold    . . .     Gourm    .   c - +1 shield
rNeg     . . .     Faith    .   b - +0 scale mail
rPois    .         Spirit   .   (no helmet)
rElec    .         Reflect  .   (no cloak)
rCorr    .         Harm     .   q - +0 pair of gloves (curse)
MR       .....                  (no boots)
Stlth    ..........             (no amulet)
Regen    0.2/turn               h - -3 ring of intelligence (curse)
MPRegen  0.1/turn               (no ring)

@: mighty, flying, hasted, very quick
A: claws 1, spiny 1
a: no special abilities


You were on level 3 of the Dungeon.
You were hungry.

You visited 1 branch of the dungeon, and saw 3 of its levels.

You collected 129 gold pieces.

Inventory:

Hand Weapons
 a - a +0 long sword (weapon)
Armour
 b - a +0 scale mail (worn)
 c - a +1 shield (worn)
 q - a cursed +0 pair of gloves (worn)
Jewellery
 h - a cursed -3 ring of intelligence (left hand)
Wands
 i - a wand of polymorph (13/24)
Scrolls
 j - a scroll of amnesia
 p - a scroll of identify
Potions
 d - a potion of might
 k - a potion of curing {unknown}
 l - a potion of heal wounds {unknown}
 o - 2 potions of brilliance {unknown}
Comestibles
 f - 2 bread rations
 g - a fruit
 m - a meat ration
 r - a royal jelly


   Skills:
 + Level 3.6 Fighting
 * Level 3.7 Long Blades
 - Level 2.8 Armour
 - Level 2.8 Shields


You had 3 spell levels left.
You didn't know any spells.

Dungeon Overview and Level Annotations

Branches:
Dungeon (3/15)

Altars:


Innate Abilities, Weirdness & Mutations

You have sharp fingernails.
You are partially covered in sharp spines.


Message History

The orc priest is struck by your spines.
The orc priest hits you but does no damage.
You block the orc's attack.
The orc priest is struck by your spines.
The orc priest barely misses you.
You feel very buoyant.
You fly up into the air.
The orc priest hits you with a dagger. You block the rat's attack.
You completely miss the orc priest.
The orc priest is moderately wounded.
You block the orc's attack. You block the orc priest's attack.
The orc priest looks braver for a moment.
You closely miss the orc priest.
The orc priest is moderately wounded.
The rat is struck by your spines.
You kill the rat!
The orc is struck by your spines. The orc hits you but does no damage.
The orc priest invokes the aid of Beogh against you.
Beogh smites you!
You die...

...# ### ######...#
..##########........#
....................
#.###..............#
#..## # #........# ....#
#....†oo.# ....#
#....o@o.### ....#.#
#....(.....# ..#.#.#
#........#.# ....#.#
#.#(#....# # .##...#
#.#.##...# ......#
#.#......##### ......#
###.####........
.###..###........[...###
.# #...##.#.#.)))....#


You could see 2 orc priests and 2 orcs.

Vanquished Creatures
  An orc wizard (D:3)
  Robin (D:2)
  A worm (D:2)
  A leopard gecko (D:3)
  4 orcs (D:3)
  2 giant cockroaches
  13 goblins
  10 hobgoblins
  4 jackals (D:2)
  2 quokkas
  2 ball pythons
  A bat (D:1)
  5 kobolds
  4 rats
51 creatures vanquished.

Notes
Turn   | Place    | Note
-------+----------+-------------------------------------------
     0 | D:1      | vineage the Demonspawn Fighter began the quest for the Orb.
     0 | D:1      | Reached XP level 1. HP: 18/18 MP: 1/1
   681 | D:2      | Gained mutation: You are partially covered in sharp spines. [demonic ancestry]
   681 | D:2      | Reached XP level 2. HP: 24/24 MP: 2/2
   757 | D:2      | Noticed Robin
   791 | D:2      | Killed Robin
   791 | D:2      | Gained mutation: You have sharp fingernails. [demonic ancestry]
   791 | D:2      | Reached XP level 3. HP: 21/29 MP: 3/3
  1538 | D:3      | Reached XP level 4. HP: 35/35 MP: 4/4
  1623 | D:3      | Killed from afar by an orc priest

Skill      XL: |  1  2  3 |
---------------+----------+-----
Long Blades    | 2 3 |  3.7
Fighting       | |  3.6
Armour         | |  2.8
Shields        | |  2.8

Action                   |  1- 3 |  4- 6 || total
-------------------------+-------+-------++-------
Melee: Long sword        |   105 |    23 ||   128
  Use: Scroll            |     6 |       ||     6
       Potion            |       |     3 ||     3
  Eat: Chunk             |     1 |     1 ||     2
Armor: Scale mail        |    63 |    11 ||    74
Dodge: Dodged            |    33 |     8 ||    41
Block: Shield            |    74 |    18 ||    92
       Rpst.: Long sword |    15 |     1 ||    16
